 Dungeon Crawl Stone Soup version 0.31.0-12-g77e489cdc1 (webtiles) character file.

Game seed: 10414973103926775301

4879 boopmooplesden the Carver (level 10, -7/83 HPs)
             Began as an Armataur Fighter on Feb 27, 2024.
             Was an Initiate of Okawaru.
             Mangled by an enormous slime creature (66 damage)
             ... on level 8 of the Dungeon.
             The game lasted 00:12:41 (7716 turns).

boopmooplesden the Carver (Armataur Fighter)        Turns: 7716, Time: 00:12:41

Health: -7/83      AC: 21    Str: 27    XL:     10   Next: 26%
Magic:  10/10      EV:  4    Int:  8    God:    Okawaru [......]
Gold:   423        SH: 13    Dex: 25    Spells: 9/9 levels left

rFire   . . .        m - +6 double sword (freeze)
rCold   + . .        c - +1 buckler
rNeg    . . .        d - +0 plate armour
rPois   .            (no helmet)
rElec   .            G - +0 cloak of Wogiw {Dex+4 Slay+2}
rCorr   .            J - +0 pair of gloves
SInv    .            O - +1 barding {rC+}
Will    +....        w - amulet "Oppacrod" {Reflect Will+ SH+5} Stlth
                     n - +6 ring of dexterity
HPRegen 0.98/turn    p - +6 ring of strength
MPRegen 0.45/turn

%: reflection, roll
@: studying Dodging
A: large, deformed body, tough skin 3, armoured tail, roll 2
a: Renounce Religion


You were on level 8 of the Dungeon.
You worshipped Okawaru.
Okawaru was noncommittal.
You visited 2 branches of the dungeon, and saw 9 of its levels.
You also visited: Sewer and Bailey.

You collected 423 gold pieces.

Inventory:

Hand Weapons
 a - a +0 long sword
 f - a +1 broad axe of flaming
 m - a +6 double sword of freezing (weapon)
 u - a +0 arbalest
 M - the +2 whip "Beol Rox" {flame, Fly rPois rN+}
   (You found it in a bailey)

   rPois:     It protects you from poison rN+: It protects you from negative
   energy.
   Fly:       It grants you flight.
Armour
 c - a +1 buckler (worn)
 d - a +0 plate armour (worn)
 q - a +0 chain mail
 B - a +0 ring mail of willpower
 F - +1 steam dragon scales
 G - the +0 cloak of Wogiw (worn) {Dex+4 Slay+2}
   (You acquired it in a bailey)

   Dex+4:     It affects your dexterity (+4).
   Slay+2:    It affects your accuracy & damage with ranged weapons and melee
   (+2).
 J - a +0 pair of gloves (worn)
 O - a +1 barding of cold resistance (worn)
Jewellery
 n - a +6 ring of dexterity (left hand)
 p - a +6 ring of strength (right hand)
 t - a +4 ring of slaying
 w - the amulet "Oppacrod" (around neck) {Reflect Will+ SH+5}
   (You found it on level 5 of the Dungeon)

   [amulet of reflection]

   Reflect:   It reflects blocked missile attacks.
   Will+:     It increases your willpower.
   SH+5:      It affects your SH (+5).
 x - a +6 ring of intelligence
 y - a +6 ring of strength
 K - a ring of wizardry
Talismans
 I - a maw talisman
Wands
 b - a wand of polymorph (7)
 j - a wand of charming (6)
 v - a wand of acid (9)
Scrolls
 h - 3 scrolls of teleportation
 o - 2 scrolls of enchant armour
 s - 3 scrolls of revelation
 D - a scroll of fog
 N - a scroll of identify
Potions
 e - a potion of cancellation
 g - 5 potions of curing
 i - 3 potions of invisibility {unknown}
 k - 2 potions of berserk rage {unknown}
 l - 2 potions of enlightenment {unknown}
 r - a potion of ambrosia {unknown}
 z - a potion of brilliance {unknown}
 A - 3 potions of haste {unknown}
 C - a potion of attraction {unknown}
 E - 2 potions of degeneration {unknown}
 H - a potion of experience {unknown}
 L - 2 potions of magic {unknown}


   Skills:
 + Level 5.8 Fighting
 + Level 9.9 Long Blades
 + Level 8.6 Armour
 + Level 2.0 Dodging
 + Level 0.4 Stealth
 + Level 7.2 Shields


You had 9 spell levels left.
You didn't know any spells.
Your spell library contained the following spells:

 Spells                   Type           Power      Damage    Failure   Level
 Magic Dart               Conj           0%         1d3       99%         1
 Blink                    Tloc           0%         N/A       100%        2
 Lesser Beckoning         Tloc           0%         N/A       100%        2
 Momentum Strike          Conj/Tloc      0%         3d8       100%        2
 Searing Ray              Conj           0%         2d4       100%        2
 Dazzling Flash           Conj/Hex       0%         N/A       100%        3
 Frozen Ramparts          Ice            0%         1d1       100%        3
 Volatile Blastmotes      Fire/Tloc      0%         2d10      100%        3
 Fulminant Prism          Conj/Alch      0%         3d5       100%        4
 Iskenderun's Mystic Bla  Conj/Tloc      0%         2d3       100%        4
 Leda's Liquefaction      Alch/Erth      0%         N/A       100%        4
 Petrify                  Alch/Erth      0%         N/A       100%        4
 Metabolic Englaciation   Hex/Ice        0%         N/A       100%        5
 Starburst                Conj/Fire      0%         6d3       100%        6
 Maxwell's Capacitive Co  Air            0%         ∞         100%        8


Dungeon Overview and Level Annotations

Branches:
Dungeon (8/15)             Temple (1/1) D:4           Sewer (visited)
 Bailey (visited)
   Lair: D:8-11

Altars:
Cheibriados
Elyvilon
Fedhas
Gozag
Kikubaaqudgha
Makhleb
Qazlal
Ru
Sif Muna
Uskayaw
Vehumet
Xom
Yredelemnul


Innate Abilities, Weirdness & Mutations

Armour fits poorly on your strangely shaped body.
You have extremely tough skin. (AC +3)
You have a long armoured tail.
You regenerate magic and health when rolling toward enemies. (Rampage Regen)


Message History

The slime creature quivers. x2
You barely miss the slime creature. You tail-slap the slime creature.
The slime creature is lightly wounded.
You block the slime creature's attack.
You slice the slime creature!! You freeze the slime creature.
You tail-slap the slime creature!
The slime creature is almost dead.
The slime creature hits you but does no damage.
Two slime creatures merge to form a large slime creature.
You slash the large slime creature! You freeze the large slime creature.
The large slime creature is heavily wounded.
You slice the large slime creature!! You freeze the large slime creature!
The large slime creature is severely wounded.
Two slime creatures merge to form a very large slime creature.
Two slime creatures merge to form an enormous slime creature.
Okay, then.
You roll towards the large slime creature!
The large slime creature hits you but does no damage.
You slash the large slime creature! You freeze the large slime creature.
The large slime creature is heavily wounded.
Two slime creatures merge to form an enormous slime creature.
You slash the enormous slime creature! You freeze the enormous slime creature.
The enormous slime creature is heavily wounded.
The enormous slime creature hits you!!
You slice the enormous slime creature!! You freeze the enormous slime creature!
The enormous slime creature is severely wounded.
The enormous slime creature hits you.
You slash the enormous slime creature! You freeze the enormous slime creature!
You tail-slap the enormous slime creature.
The enormous slime creature is severely wounded.
You block the enormous slime creature's attack.
You slash the enormous slime creature! You freeze the enormous slime creature.
The enormous slime creature is almost dead.
You block the enormous slime creature's attack.
You hit the enormous slime creature. You freeze the enormous slime creature.
You tail-slap the enormous slime creature.
The enormous slime creature is almost dead.
The enormous slime creature hits you!!!
Ouch! That really hurt!
You die...

###############################
.............J@................
######.#######################
#.J........ ... #..#.!......
#.# #...##.#.##### ##.# ......
..#.# #... ..... ..#.# #..#
.>... ..# # #..# .... ...# #...


You could see an enormous slime creature.

Vanquished Creatures
  An orc knight (Bailey)
  2 orc sorcerers (Bailey)
  Maggie (D:6)
  A slime creature (D:8)
  Eustachio (D:5)
  A water moccasin (D:6)
  13 orc warriors
  2 black bears
  An ice beast (D:5)
  2 ogres (D:5)
  A kobold brigand (D:5)
  2 bullfrogs (Sewer)
  A gnoll sergeant (D:6)
  A scorpion (D:7)
  2 electric eels (Bailey)
  A howler monkey (D:4)
  A bombardier beetle (D:5)
  A hound (D:6)
  3 jellies
  A gnoll bouda (D:5)
  A sleepcap (D:4)
  6 iguanas
  An orc wizard (D:5)
  21 gnolls
  7 adders
  8 river rats
  A shadow imp (D:7)
  2 white imps (D:5)
  4 ribbon worms (D:2)
  19 orcs
  3 bats
  5 endoplasms
  4 giant cockroaches
  15 goblins
  10 hobgoblins
  9 kobolds
  4 quokkas
  21 ball pythons
  5 frilled lizards
  11 rats
196 creatures vanquished.

Notes
Turn   | Place    | Note
-------+----------+-------------------------------------------
     0 | D:1      | boopmooplesden the Armataur Fighter began the quest for the
                  | Orb.
     0 | D:1      | Reached XP level 1. HP: 18/18 MP: 1/1
   109 | D:1      | Reached XP level 2. HP: 22/25 MP: 2/2
   756 | D:2      | Reached skill level 2 in Long Blades
   800 | D:2      | Reached XP level 3. HP: 30/30 MP: 3/3
  1223 | D:2      | Identified the +3 dagger of Doom {drain, rPois}
  1430 | D:3      | Found a basalt altar of Yredelemnul.
  2412 | D:4      | Reached XP level 4. HP: 38/38 MP: 4/4
  2431 | D:4      | Noticed a black bear
  2548 | D:4      | Found a burning altar of Makhleb.
  2559 | D:4      | Found an opulent altar of Gozag.
  2570 | D:4      | Reached skill level 1 in Dodging
  2604 | D:4      | Found a staircase to the Ecumenical Temple.
  2642 | Temple   | Entered the Ecumenical Temple
  2874 | D:4      | Reached skill level 3 in Long Blades
  2879 | D:4      | Reached XP level 5. HP: 19/45 MP: 5/5
  3084 | D:4      | Killed a black bear
  3085 | D:4      | Reached skill level 5 in Armour
  3085 | D:4      | Reached XP level 6. HP: 42/51 MP: 6/6
  3170 | D:4      | Reached skill level 4 in Long Blades
  3208 | D:4      | Identified a scroll of acquirement
  3208 | D:4      | Acquired a +6 double sword of freezing
  3224 | D:5      | Entered Level 5 of the Dungeon
  3314 | D:5      | Identified the amulet "Oppacrod" {Reflect Will+ SH+5}
  3364 | D:5      | Found an ancient bone altar of Kikubaaqudgha.
  3388 | D:5      | Reached skill level 5 in Long Blades
  3388 | D:5      | Gained mutation: You regenerate magic and health when
                  | rolling toward enemies. (Rampage Regen) [Armataur growth]
  3388 | D:5      | Reached XP level 7. HP: 43/57 MP: 7/7
  3745 | D:5      | Reached skill level 6 in Long Blades
  3817 | D:5      | Noticed Eustachio
  3825 | D:5      | Killed Eustachio
  3826 | D:5      | Reached XP level 8. HP: 66/66 MP: 8/8
  3935 | D:5      | Reached skill level 7 in Long Blades
  4266 | D:6      | Found a glowing drain.
  4279 | Sewer    | Entered a sewer
  4690 | Sewer    | Reached skill level 5 in Shields
  4774 | D:6      | Noticed Maggie
  4783 | D:6      | HP: 3/66 [Maggie/+1 broad axe of flaming (5)]
  4788 | D:6      | Killed Maggie
  5078 | D:6      | Reached skill level 8 in Long Blades
  5398 | D:6      | Reached XP level 9. HP: 71/71 MP: 9/9
  5657 | D:7      | Found a snail-covered altar of Cheibriados.
  5774 | D:7      | Found a flagged portal.
  5800 | Bailey   | Entered a bailey
  6177 | Bailey   | Reached skill level 5 in Fighting
  6499 | Bailey   | Reached skill level 9 in Long Blades
  6532 | Bailey   | Acquired the +0 cloak of Wogiw {Dex+4 Slay+2}
  6585 | Bailey   | Noticed an orc knight
  6723 | Bailey   | Killed an orc knight
  6841 | Bailey   | Noticed an orc sorcerer
  6843 | Bailey   | Paralysed by an orc sorcerer for 5 turns
  6848 | Bailey   | Noticed a smoke demon
  6854 | Bailey   | Noticed a smoke demon
  6856 | Bailey   | Killed an orc sorcerer
  6856 | Bailey   | Noticed an orc sorcerer
  6857 | Bailey   | Reached XP level 10. HP: 32/81 MP: 10/10
  6869 | Bailey   | Killed an orc sorcerer
  6901 | Bailey   | Found an iron altar of Okawaru.
  6909 | Bailey   | Became a worshipper of Warmaster Okawaru
  6965 | Bailey   | Identified the +2 whip "Beol Rox" {flame, Fly rPois rN+}
  7410 | D:7      | Found a shimmering altar of Xom.
  7599 | D:7      | Acquired a +1 barding of cold resistance
  7610 | D:7      | Acquired a manual of Dodging
  7716 | D:8      | Mangled by an enormous slime creature

Illustrated notes

Levels and vault maps discovered:
D:1:      psy_arrival_basics, layout_basic, minmay_curled_crystal, minmay_vboxes
D:2:      layout_rooms, minivault_5, nicolae_wormholes
D:3:      layout_basic, yredelemnul_altar_generic
D:4:      layout_cave_pools, grunt_gozag_breadcrumbs, bloody_makhleb,
          minmay_temple_entry_drinking_statues
D:5:      layout_basic, nicolae_kikubaaqudgha_miasma_corner, uniq_eustachio
D:6:      layout_basic, gup_sewer_entry_bubbles, uniq_maggie
D:7:      layout_loops_ring, cheibriados_altar_1, tgw_xom, enter_bailey_6,
          chequers_serial_rivers_small_3
D:8:      layout_basic, nemelex_diamond_rough_becter,
          mainiacjoe_overflow_big_doors, biasface_ghost_orc_armoury, uniq_psyche
Temple:   hellmonk_temple_beads

Skill      XL: |  1  2  3  4  5  6  7  8  9 10 |
---------------+-------------------------------+-----
Armour         | 4 5 6 8 |  8.6
Long Blades    | 2 3 5 6 8 9 |  9.9
Fighting       | 3 4 5 |  5.8
Dodging        | 1 2 |  2.0
Shields        | 4 5 6 7 |  7.2
Stealth        | |  0.4

Action                     |  1- 3 |  4- 6 |  7- 9 | 10-12 || total
---------------------------+-------+-------+-------+-------++-------
  Melee: Long sword        |   126 |    31 |       |       ||   157
         Tailslap          |    18 |     8 |    26 |    10 ||    62
         Double sword      |       |    25 |   250 |    36 ||   311
    Use: Scroll            |     8 |     2 |     6 |     3 ||    19
         Potion            |       |     1 |     7 |     1 ||     9
 Armour: Scale mail        |    57 |       |       |       ||    57
         Chain mail        |    26 |    52 |   187 |       ||   265
         Plate armour      |       |       |    27 |     9 ||    36
  Dodge: Dodged            |    41 |    21 |   100 |     1 ||   163
  Block: Buckler           |    41 |    18 |   243 |    21 ||   323
         Reflection        |       |       |     2 |       ||     2
